AoeStats
← buzzkill

Fortress

510422179Analyzed
1v1 RM · 19h ago on Sep 30, 2026· 57m 58s· 2 players
Game mode
Random Map
Map size
Small (3 player)
Population
200
Speed
Normal
Resources
Standard
Victory
Conquest
Starting age
Dark Age
Ending age
Imperial Age
RankedLock teamsTeams togetherTeam positionsShared explorationLock speedFull tech treeHidden civsTurbo modeCheats
Victory
Defeat
🇨🇦 Slavs · Canada
1158
+15
🇺🇸 Celts · United States
1147
-15
buzzkill
2:18 Loom
4:08 Loom
8:14 Feudal Age
9:52 Double-Bit Axe
13:39 Castle Age
12:12 Scale Mail Armor
12:58 Forging
15:24 Bow Saw
15:22 Arson
22:05 Pikeman
23:53 Wheelbarrow
24:04 Chain Mail Armor
28:07 Imperial Age
27:53 Hand Cart
28:29 Halberdier
31:50 Furor Celtica
31:59 Heavy Scorpion
35:02 Onager
38:30 Husbandry
37:51 Light Cavalry
39:25 Siege Onager
40:58 Town Watch
44:58 Capped Ram
47:02 Siege Ram
48:29 Town Patrol
HannibalBarca
7:01 Feudal Age
8:01 Double-Bit Axe
8:37 Horse Collar
11:22 Castle Age
9:38 Loom
13:17 Bow Saw
17:34 Wheelbarrow
17:48 Gold Mining
19:54 Hand Cart
19:54 Heavy Plow
20:53 Town Watch
21:59 Gold Shaft Mining
26:19 Imperial Age
25:32 Fletching
25:49 Scale Barding Armor
28:00 Conscription
27:09 Heavy Scorpion
31:19 Onager
32:36 Elite Boyar
32:46 Siege Onager
35:06 Chain Barding Armor
34:57 Forging
34:43 Bodkin Arrow
37:20 Plate Barding Armor
37:46 Hoardings
37:49 Ballistics
37:36 Siege Engineers
38:32 Chemistry
49:26 Bloodlines
49:17 Husbandry
48:38 Light Cavalry
51:39 Hussar
Connection lost

Rejoining the realm…

Still unreachable

The connection could not be restored.

Session expired

The server has moved on; the page needs a fresh start.